 Dungeon Crawl Stone Soup version 0.22.1-1-ga44c0e5 (webtiles) character file.

978 Singol the Cudgeler (level 7, -9/74 HPs)
             Began as a Troll Fighter on Oct 31, 2018.
             Mangled by Prince Ribbit (15 damage)
             ... on level 6 of the Dungeon.
             The game lasted 00:36:22 (5220 turns).

Singol the Cudgeler (Troll Fighter)                 Turns: 5220, Time: 00:36:23

Health: -9/74      AC:  8    Str: 26    XL:     7   Next: 95%
Magic:  6/6        EV:  8    Int:  4    God:
Gold:   346        SH:  9    Dex: 10    Spells: 6/6 levels left

rFire    . . .     SeeInvis +   s - +1 flail (protect)
rCold    . . .     Gourm    +   c - +0 shield
rNeg     . . .     Faith    .   b - +0 robe
rPois    .         Spirit   .   (helmet restricted)
rElec    .         Reflect  .   r - +0 cloak
rCorr    .         Harm     .   (gloves unavailable)
MR       .....                  (boots unavailable)
Stlth    +.........             (no amulet)
HPRegen  0.62/turn              i - +2 ring of protection
MPRegen  0.10/turn              q - ring of see invisible

@: no status effects
A: large, unfitting armour, claws 3, fast metabolism 3, gourmand, regeneration
1, shaggy fur 1, tough skin 2
a: no special abilities


You were on level 6 of the Dungeon.
You were not hungry.

You visited 1 branch of the dungeon, and saw 6 of its levels.
You also visited: Sewer and Ossuary.

You collected 346 gold pieces.

Inventory:

Hand Weapons
 a - a +2 short sword of draining
 s - a +1 flail of protection (weapon)
 y - the +2 hunting sling "Hulk" {speed, MR+ Dex+4, unknown}
   (You found it on level 5 of the Dungeon)

   Attacks with this weapon are significantly faster.
   It affects your dexterity (+4).
   It affects your resistance to hostile enchantments.
Armour
 b - a +0 robe (worn)
 c - a +0 shield (worn)
 r - a +0 cloak (worn)
Jewellery
 i - a +2 ring of protection (left claw)
 q - a ring of see invisible (right claw)
 t - an uncursed ring of flight
Scrolls
 g - 5 scrolls of remove curse {unknown}
 j - 4 scrolls of teleportation {unknown}
 n - 10 scrolls of identify {unknown}
 o - a scroll of blinking {unknown}
 p - a scroll of fear {unknown}
 u - a scroll of immolation {unknown}
 v - a scroll of fog {unknown}
 w - a scroll of random uselessness {unknown}
 A - a scroll of vulnerability {unknown}
Potions
 d - 2 potions of might
 e - 2 potions of flight {unknown}
 h - 2 potions of berserk rage {unknown}
 k - 2 potions of curing {unknown}
 l - 2 potions of agility {unknown}
 m - a potion of magic {unknown}
 x - a potion of degeneration {unknown}
 z - 2 potions of lignification {unknown}
Comestibles
 f - 7 rations
 B - a chunk of flesh


   Skills:
 + Level 5.6 Fighting
 + Level 5.8 Maces & Flails
 + Level 2.1 Armour
 - Level 2.4 Dodging
 - Level 2.4 Shields


You had 6 spell levels left.
You didn't know any spells.
Your spell library contained the following spells:

 Spells                   Type           Power        Failure   Level  Hunger
 Magic Dart               Conj           #...         93%         1    ##.....
 Summon Small Mammal      Summ           #...         93%         1    ##.....
 Call Imp                 Summ           #.......     98%         2    ###....
 Searing Ray              Conj           #.....       98%         2    ###....
 Call Canine Familiar     Summ           #.......     100%        3    ####...
 Dazzling Spray           Conj/Hex       #.....       100%        3    ####...
 Summon Guardian Golem    Hex/Summ       #.......     100%        3    ####...
 Force Lance              Conj/Tloc      #.......     100%        4    #####..
 Fulminant Prism          Conj/Hex       #.........   100%        4    #####..
 Iskenderun's Mystic Bla  Conj           #.......     100%        4    #####..
 Summon Ice Beast         Ice/Summ       #.......     100%        4    #####..
 Summon Lightning Spire   Summ/Air       #.......     100%        4    #####..


Dungeon Overview and Level Annotations

Branches:
Dungeon (6/15)
 Temple: D:4-7

Altars:
Elyvilon
Gozag
Makhleb
Ru
Sif Muna

Shops:
D:6 }

Annotations:
D:6 Prince Ribbit


Innate Abilities, Weirdness & Mutations

You are too large for most types of armour.
You have claws for hands.
Your metabolism is lightning-fast.
You like to eat raw meat.
Your natural rate of healing is unusually fast.
You are covered in fur. (AC +1)
You have very tough skin. (AC +2)


Message History

Prince Ribbit hits you!
* * * LOW HITPOINT WARNING * * *
Prince Ribbit barely misses you.
Prince Ribbit blinks!
Prince Ribbit blinks!
Prince Ribbit lets out a mournful croak.
Prince Ribbit blinks!
There is a stone staircase leading down here.
Prince Ribbit blinks!
You open the door.
There is an open door here.
Prince Ribbit hits you!
* * * LOW HITPOINT WARNING * * *
Prince Ribbit blinks!
Prince Ribbit blinks! x2
Prince Ribbit hits you!
* * * LOW HITPOINT WARNING * * *
Prince Ribbit winks and puckers his lips.
Prince Ribbit hits you!
You die...

.##.##...###..
..............
###.##..##'##. #..#...#.
##+## #..#...#. ##...##
##.#...#. . ##.(<.)##
#.#####. ..## ##.......##
#....... .....
#...@F....####...####
###...+.........'......>.ยง.
#........(......####...####
#.#..###.......## ##....# #.
##....)## ####.# ##...## #.#
##'## #.# #.# #.# #.# #.#


You could see Prince Ribbit.

Vanquished Creatures
  A phantom (D:5)
  A sky beast (D:5)
  2 ogres
  A howler monkey (D:6)
  A crimson imp (D:5)
  2 hounds (D:4)
  An orc priest (D:3)
  4 orc wizards
  4 worker ants
  8 mummies (Ossuary)
  A howler monkey zombie (D:6)
  5 adders
  2 river rats (Sewer)
  A shadow imp (D:5)
  A worm (D:3)
  A dart slug (D:2)
  2 leopard geckos
  11 orcs
  8 giant cockroaches
  A gnoll zombie (Ossuary)
  5 hobgoblins
  3 quokkas
  2 ball pythons
  9 bats
  7 frilled lizards
  7 goblins
  4 hobgoblin zombies (Ossuary)
  7 kobolds
  2 kobold zombies (Ossuary)
  An orc zombie (Ossuary)
  9 rats
114 creatures vanquished.

Notes
Turn   | Place    | Note
-------+----------+-------------------------------------------
     0 | D:1      | Singol the Troll Fighter began the quest for the Orb.
     0 | D:1      | Reached XP level 1. HP: 22/22 MP: 0/0
   218 | D:1      | Reached XP level 2. HP: 29/29 MP: 1/1
   915 | D:2      | Found an opulent altar of Gozag.
  1284 | D:2      | Reached XP level 3. HP: 37/37 MP: 2/2
  1570 | D:2      | Found a white marble altar of Elyvilon.
  2109 | D:3      | Found a faded altar of an unknown god.
  2186 | D:3      | Reached XP level 4. HP: 37/45 MP: 3/3
  2285 | D:3      | Found a glowing drain.
  2297 | D:3      | Reached XP level 5. HP: 52/54 MP: 4/4
  2306 | Sewer    | Entered a sewer
  2669 | D:3      | Found a deep blue altar of Sif Muna.
  3055 | D:4      | Reached XP level 6. HP: 58/63 MP: 5/5
  3805 | D:5      | Entered Level 5 of the Dungeon
  3907 | D:5      | Noticed a sky beast
  3917 | D:5      | Killed a sky beast
  3917 | D:5      | Reached skill level 5 in Fighting
  3917 | D:5      | Reached skill level 5 in Maces & Flails
  3917 | D:5      | Reached XP level 7. HP: 72/72 MP: 6/6
  3937 | D:5      | Got a steaming hunting sling
  4260 | D:5      | Reached skill level 1 in Armour
  4387 | D:5      | Found a sacrificial altar of Ru.
  4651 | D:6      | Found a sand-covered staircase.
  4656 | Ossuary  | Entered an ossuary
  5054 | D:6      | Noticed Prince Ribbit
  5055 | D:6      | Found Fopnumur's Gadget Shop.
  5056 | D:6      | Found a burning altar of Makhleb.
  5220 | D:6      | Mangled by Prince Ribbit

Skill      XL: |  1  2  3  4  5  6  7 |
---------------+----------------------+-----
Maces & Flails | 2 3 4 5 |  5.8
Fighting       | 3 4 5 |  5.6
Armour         | 2 |  2.1
Dodging        | |  2.4
Shields        | |  2.4

Action                   |  1- 3 |  4- 6 |  7- 9 || total
-------------------------+-------+-------+-------++-------
Melee: Flail             |   152 |   156 |   133 ||   441
  Eat: Chunk             |    15 |    14 |     4 ||    33
       Ration            |     3 |       |     1 ||     4
Armor: Robe              |    98 |    93 |    43 ||   234
Dodge: Dodged            |    92 |    59 |    43 ||   194
Block: Shield            |   118 |    80 |    71 ||   269
